 Dungeon Crawl Stone Soup version 0.20.0-6-gd3061e9 (webtiles) character file.

3007 cereshysteria the Cleaver (level 9, 62/63 HPs)
             Began as a Demonspawn Fighter on May 29, 2017.
             Was a Priest of Okawaru.
             Starved to death
             ... on level 8 of the Dungeon.
             The game lasted 00:21:29 (7668 turns).

cereshysteria the Cleaver (Demonspawn Fighter)      Turns: 7668, Time: 00:21:30

Health: 62/63      AC:  9    Str: 17    XL:     9   Next: 54%
Magic:  9/9        EV:  4    Int: 10    God:    Okawaru [***...]
Gold:   363        SH:  9    Dex: 21    Spells: 8/8 levels left

rFire    . . .     SeeInvis .   n - +2 war axe (flame)
rCold    . . .     Gourm    .   c - +0 shield
rNeg     . . .     Faith    +   u - +0 chain mail (curse)
rPois    +         Spirit   .   (helmet unavailable)
rElec    .         Reflect  .   (no cloak)
rCorr    .         Harm     .   (no gloves)
MR       .....                  (no boots)
Stlth    ..........             m - amulet of faith
Regen    0.2/turn               p - ring of poison resistance
MPRegen  0.2/turn               (no ring)

@: fainting
A: horns 3, thin skeletal structure 3, powered by death 1
a: Heroism, Renounce Religion


You were on level 8 of the Dungeon.
You worshipped Okawaru.
Okawaru was most pleased with you.
You were fainting.

You visited 2 branches of the dungeon, and saw 9 of its levels.

You collected 363 gold pieces.

Inventory:

Hand Weapons
 a - a +1 war axe
 n - a +2 war axe of flaming (weapon)
Missiles
 t - an exploding tomahawk (quivered)
Armour
 b - a +0 scale mail
 c - a +0 shield (worn)
 f - a +0 helmet
 u - a cursed +0 chain mail (worn)
Jewellery
 m - an amulet of faith (around neck)
 p - a ring of poison resistance (left hand)
Wands
 g - a wand of flame (13/48)
 i - a wand of random effects (44/48)
 w - a wand of clouds (3/9)
Scrolls
 d - 2 scrolls of recharging
 l - 2 scrolls of remove curse
 q - 2 scrolls of teleportation
 r - 3 scrolls of identify
 s - a scroll of torment {unknown}
 v - 3 scrolls of fear {unknown}
 y - 2 scrolls of fog
Potions
 e - 3 potions of curing
 h - 2 potions of lignification
 j - 3 potions of agility {unknown}
 k - a potion of haste {unknown}
 o - 2 potions of cancellation {unknown}
 x - a potion of mutation {unknown}
 z - 2 potions of flight {unknown}


   Skills:
 - Level 3.0 Fighting
 + Level 12.0 Axes
 - Level 2.9 Armour
 - Level 2.9 Shields


You had 8 spell levels left.
You didn't know any spells.

Dungeon Overview and Level Annotations

Branches:
Dungeon (8/15)             Temple (1/1) D:5
   Lair: D:8-11

Altars:
Ashenzari
Fedhas
Kikubaaqudgha
Makhleb
Nemelex Xobeh
Okawaru
Qazlal
Ru
Sif Muna
Trog
Vehumet
Xom
Yredelemnul

Annotations:
D:8 1 transporter


Innate Abilities, Weirdness & Mutations

You have a pair of large horns on your head.
You have an unnaturally thin skeletal structure. (Dex +6, Stealth++)
You regenerate a little health from kills.


Message History

You block the hungry ghost's attack.
You slash the hungry ghost! You burn the hungry ghost.
Your headbutt misses the hungry ghost.
The hungry ghost is almost destroyed.
The hungry ghost closely misses you.
You closely miss the hungry ghost. Your headbutt misses the hungry ghost.
The hungry ghost is almost destroyed.
The hungry ghost hits you.
You feel slightly more hungry.
Your shield and chain mail prevent you from hitting the hungry ghost.
The hungry ghost is almost destroyed.
The hungry ghost hits you.
You feel slightly more hungry.
You hit the hungry ghost. You burn the hungry ghost.
You destroy the hungry ghost!
Okawaru accepts your kill.
Okawaru will gift you ammunition as your piety grows.
Your Axes skill increases to level 12!
Found 11 poisoned needles.
You see here a long sword.
You have starved to death.
You die...

...# # #..# #.# P
#..## ..# .P#...#
#(.## /.#...#######
..... ..#©.........
...
/.#[...##########.#
.P#.#..#####......####
P #.<.........>.@....#
###..#.....#.#.).....#
.....#.....#.#.......#
.....#.....#.###+#####
##...#.....#..
##.#.#.....###
...###.##### ####...#
.....##


There were no monsters in sight!

Vanquished Creatures
  Grinder (D:3)
  A hungry ghost (D:8)
  A water moccasin (D:7)
  Duvessa (D:5)
  2 sky beasts (D:6)
  An orc warrior (D:7)
  3 ogres
  2 phantoms
  3 centaurs
  Blork the orc (D:5)
  2 bullfrogs (D:8)
  Dowan (D:5)
  2 scorpions
  3 howler monkeys (D:7)
  A crimson imp (D:5)
  A bullfrog zombie (D:5)
  5 hounds
  5 orc priests
  A centaur skeleton (D:8)
  3 jellies
  3 orc wizards (D:7)
  Jessica (D:2)
  3 iguanas
  4 worker ants
  Natasha (thrice) (D:2)
  A hound skeleton (D:7)
  A worker ant zombie (D:6)
  7 gnolls (D:4)
  5 adders
  2 shadow imps
  2 oozes (D:1)
  An adder skeleton (D:4)
  5 worms
  4 dart slugs
  2 leopard geckos
  13 orcs
  4 giant cockroaches
  5 goblins
  7 hobgoblins
  11 jackals
  2 ball pythons
  11 bats
  4 frilled lizards
  A jackal skeleton (D:5)
  5 kobolds
  A leopard gecko skeleton (D:4)
  9 rats
157 creatures vanquished.

Vanquished Creatures (others)
  A bat (D:2)
  A frilled lizard (D:2)
  2 rats (D:2)
4 creatures vanquished.

Grand Total: 161 creatures vanquished

Notes
Turn   | Place    | Note
-------+----------+-------------------------------------------
     0 | D:1      | cereshysteria the Demonspawn Fighter began the quest for the Orb.
     0 | D:1      | Reached XP level 1. HP: 18/18 MP: 1/1
   101 | D:1      | Reached skill level 2 in Axes
   114 | D:1      | Gained mutation: You have a pair of small horns on your head. [demonic ancestry]
   114 | D:1      | Reached XP level 2. HP: 15/24 MP: 2/2
   621 | D:1      | Gained mutation: You regenerate a little health from kills. [demonic ancestry]
   621 | D:1      | Reached XP level 3. HP: 28/29 MP: 3/3
   877 | D:2      | Noticed Natasha
   880 | D:2      | Noticed Jessica
   880 | D:2      | Killed Natasha
   880 | D:2      | Reached skill level 3 in Axes
   890 | D:2      | Killed Jessica
   890 | D:2      | Gained mutation: You have a somewhat thin skeletal structure. (Dex +2, Stealth) [demonic ancestry]
   890 | D:2      | Reached XP level 4. HP: 35/35 MP: 4/4
  1011 | D:2      | Reached skill level 4 in Axes
  1039 | D:2      | Found a stormy altar of Qazlal.
  1418 | D:2      | Noticed Natasha
  1426 | D:2      | Killed Natasha
  1451 | D:2      | Gained mutation: You have a moderately thin skeletal structure. (Dex +4, Stealth+) [demonic ancestry]
  1451 | D:2      | Reached XP level 5. HP: 41/41 MP: 5/5
  1523 | D:2      | Noticed Natasha
  1530 | D:2      | Killed Natasha
  1576 | D:3      | Found a faded altar of an unknown god.
  1736 | D:3      | Found a bloodstained altar of Trog.
  1794 | D:3      | Noticed Grinder
  1801 | D:3      | Reached skill level 5 in Axes
  1805 | D:3      | Paralysed by Grinder for 6 turns
  1817 | D:3      | Paralysed by Grinder for 2 turns
  1832 | D:3      | Paralysed by Grinder for 6 turns
  1843 | D:3      | Killed Grinder
  1843 | D:3      | Reached skill level 6 in Axes
  1843 | D:3      | Gained mutation: You have a pair of horns on your head. [demonic ancestry]
  1843 | D:3      | Reached XP level 6. HP: 13/47 MP: 6/6
  2230 | D:3      | Found a stormy altar of Qazlal.
  2232 | D:3      | Found an opulent altar of Gozag.
  2232 | D:3      | Found a shimmering altar of Xom.
  2234 | D:3      | Found an iron altar of Okawaru.
  2234 | D:3      | Found a shimmering altar of Xom.
  2234 | D:3      | Found a shimmering altar of Xom.
  3076 | D:4      | Gained mutation: You have a pair of large horns on your head. [demonic ancestry]
  3076 | D:4      | Reached XP level 7. HP: 47/52 MP: 7/7
  3323 | D:5      | Entered Level 5 of the Dungeon
  3417 | D:5      | Reached skill level 7 in Axes
  3786 | D:5      | Noticed Duvessa
  3808 | D:5      | Killed Duvessa
  3973 | D:5      | Noticed Dowan
  3984 | D:5      | Killed Dowan
  3984 | D:5      | Reached skill level 8 in Axes
  4392 | D:5      | Found a staircase to the Ecumenical Temple.
  4417 | Temple   | Entered the Ecumenical Temple
  4535 | Temple   | Became a worshipper of Warmaster Okawaru
  4991 | D:5      | Reached XP level 8. HP: 53/58 MP: 8/8
  5372 | D:5      | Noticed Blork the orc
  5380 | D:5      | Killed Blork the orc
  5380 | D:5      | Reached skill level 9 in Axes
  5513 | D:6      | Reached * piety under Okawaru
  5977 | D:6      | Reached skill level 10 in Axes
  6100 | D:7      | Found a sparkling altar of Nemelex Xobeh.
  6464 | D:7      | Reached ** piety under Okawaru
  6471 | D:7      | Gained mutation: You have an unnaturally thin skeletal structure. (Dex +6, Stealth++) [demonic ancestry]
  6471 | D:7      | Reached XP level 9. HP: 61/63 MP: 9/9
  6819 | D:7      | Reached skill level 11 in Axes
  7258 | D:7      | Paralysed by fainting for 11 turns
  7288 | D:7      | Paralysed by fainting for 6 turns
  7350 | D:7      | Paralysed by fainting for 8 turns
  7524 | D:8      | Noticed a hand axe
  7613 | D:8      | Found a transporter.
  7662 | D:8      | Reached *** piety under Okawaru
  7662 | D:8      | Reached skill level 12 in Axes
  7668 | D:8      | Starved to death

Skill      XL: |  1  2  3  4  5  6  7  8  9 |
---------------+----------------------------+-----
Axes           | 2 3 4 6 8 10 12 | 12.0
Fighting       | |  3.0
Armour         | |  2.9
Shields        | |  2.9

Action                   |  1- 3 |  4- 6 |  7- 9 || total
-------------------------+-------+-------+-------++-------
Melee: War axe           |    76 |   142 |   270 ||   488
       Headbutt          |     8 |    32 |    64 ||   104
Invok: Heroism           |       |       |     1 ||     1
  Use: Scroll            |     1 |     1 |     6 ||     8
       Potion            |       |     3 |     2 ||     5
 Stab: Sleeping          |       |     1 |       ||     1
  Eat: Chunk             |       |     2 |     9 ||    11
       Bread ration      |       |     2 |       ||     2
Armor: Scale mail        |    43 |    50 |    24 ||   117
       Skin              |       |     1 |    12 ||    13
       Chain mail        |       |       |    71 ||    71
Dodge: Dodged            |    22 |    32 |    40 ||    94
Block: Shield            |    31 |    66 |   111 ||   208
